 Dungeon Crawl Stone Soup version 0.24.0-125-gc4c63601f3 (webtiles) character file.

Game seed: 1745640788014784765, levelgen mode: deterministic

250851 platypus75 the Severer (level 20, -11/189 HPs)
             Began as a Hill Orc Fighter on Mar 21, 2020.
             Was the Champion of Makhleb.
             Mangled by a merfolk
             ... wielding a +0 trident
              (14 damage)
             ... on level 4 of the Shoals on Mar 22, 2020.
             The game lasted 04:25:26 (34168 turns).

platypus75 the Severer (Hill Orc Fighter)          Turns: 34168, Time: 04:25:27

Health: -11/189    AC: 25    Str: 30    XL:     20   Next: 8%
Magic:  29/29      EV:  4    Int: 11    God:    Makhleb [******]
Gold:   2834       SH: 28    Dex: 10    Spells: 19/19 levels left

rFire    + + +     SeeInvis .   a - +7 war axe (flame)
rCold    + + .     Gourm    .   q - +5 large shield
rNeg     . . .     Faith    .   E - -2 gold dragon scales
rPois    +         Spirit   .   x - +2 helmet
rElec    .         Reflect  +   p - scarf {rC+ rF+}
rCorr    .         Harm     .   y - +1 pair of gloves
MR       ++...                  G - +1 pair of boots "Zubbabomoch" {rF+ Int+3}
Stlth    ..........             n - +2 amulet of reflection
HPRegen  0.41/turn              A - ring "Fommys" {rF+ Str+2 Stlth+}
MPRegen  0.21/turn              g - ring of protection from magic

@: lethally poisoned (-11 -> -12), very slightly contaminated
A: subdued magic 1
}: 1/15 runes: serpentine
a: Minor Destruction, Lesser Servant of Makhleb, Major Destruction, Greater
Servant of Makhleb, Renounce Religion


You were on level 4 of the Shoals.
You worshipped Makhleb.
Makhleb was exalted by your worship.
You were not hungry.

You visited 6 branches of the dungeon, and saw 32 of its levels.
You also visited: Gauntlet and Ice Cave.

You collected 5526 gold pieces.
You spent 2692 gold pieces at shops.

Inventory:

Hand Weapons
 a - a +7 war axe of flaming (weapon)
 w - a cursed +0 battleaxe
 D - the +8 arc blade {discharge, rElec}
   (You found it in an ice cave)

   It insulates you from electricity.
Armour
 p - a scarf of resistance (worn)
 q - a +5 large shield (worn)
 x - a +2 helmet (worn)
 y - a +1 pair of gloves (worn)
 E - -2 gold dragon scales (worn)
 G - the +1 pair of boots "Zubbabomoch" (worn) {rF+ Int+3}
   (You found it in an ice cave)

   It affects your intelligence (+3).
   It protects you from fire.
 P - the +0 plate armour of the Lumpy Realms {Int+3 Slay+4}
   (You bought it in a shop on level 7 of the Dungeon)

   It affects your intelligence (+3).
   It affects your accuracy and damage with ranged weapons and melee attacks
   (+4).
Jewellery
 e - an uncursed ring of magical power
 g - a ring of protection from magic (right hand)
 h - an uncursed ring of poison resistance
 n - a +2 amulet of reflection (around neck)
 o - a +4 ring of evasion
 A - the ring "Fommys" (left hand) {rF+ Str+2 Stlth+}
   (You found it on level 14 of the Dungeon)

   [ring of stealth]

   It affects your strength (+2).
   It protects you from fire.
   It makes you more stealthy.
 B - an uncursed ring of ice
 I - an uncursed ring of fire
Wands
 b - a wand of disintegration (15)
 d - a wand of digging (23)
 u - a wand of polymorph (10)
 C - a wand of flame (11)
 M - a wand of scattershot (6)
 U - a wand of acid (18)
Scrolls
 c - 5 scrolls of remove curse
 j - a scroll of silence
 k - a scroll of blinking
 r - 5 scrolls of teleportation
 s - 5 scrolls of fog
 t - 6 scrolls of magic mapping
 v - a scroll of enchant weapon
 F - 2 scrolls of summoning
 Z - a scroll of enchant armour
Potions
 i - 6 potions of curing
 l - a potion of brilliance
 m - 3 potions of magic
 z - a potion of agility
 J - a potion of might
 K - 6 potions of haste
 N - a potion of cancellation
 O - 3 potions of flight
Miscellaneous
 X - 2 phantom mirrors
 Y - a phial of floods
Comestibles
 f - 32 rations


   Skills:
 + Level 18.5 Fighting
 - Level 15.6 Short Blades
 - Level 19.0 Axes
 + Level 13.1 Armour
 + Level 0.7 Dodging
 + Level 14.0 Shields
 + Level 12.2 Invocations
 + Level 10.6 Evocations


You had 19 spell levels left.
You didn't know any spells.
Your spell library contained the following spells:

 Spells                   Type           Power        Failure   Level  Hunger
 Animate Skeleton         Necr           N/A          100%        1    ##.....
 Apportation              Tloc           #.....       100%        1    ##.....
 Confusing Touch          Hex            #.....       100%        1    ##.....
 Corona                   Hex            #......      100%        1    ##.....
 Flame Tongue             Conj/Fire      #....        100%        1    ##.....
 Infusion                 Chrm           #...         100%        1    ##.....
 Magic Dart               Conj           #...         100%        1    ##.....
 Sandblast                Erth           #.....       100%        1    ##.....
 Shock                    Conj/Air       #...         100%        1    ##.....
 Summon Small Mammal      Summ           #...         100%        1    ##.....
 Passwall                 Tmut/Erth      #.......     100%        2    ###....
 Poisonous Vapours        Pois/Air       #.....       100%        2    ###....
 Searing Ray              Conj           #.....       100%        2    ###....
 Shroud of Golubria       Chrm/Tloc      #.....       100%        2    ###....
 Slow                     Hex            #.......     100%        2    ###....
 Song of Slaying          Chrm           #.......     100%        2    ###....
 Swiftness                Chrm/Air       #.......     100%        2    ###....
 Throw Flame              Conj/Fire      #.....       100%        2    ###....
 Confuse                  Hex            #.......     100%        3    ####...
 Conjure Flame            Conj/Fire      #.......     100%        3    ####...
 Dazzling Spray           Conj/Hex       #.....       100%        3    ####...
 Gell's Gravitas          Tloc           #.........   100%        3    ####...
 Inner Flame              Hex/Fire       #.......     100%        3    ####...
 Mephitic Cloud           Conj/Pois/Air  #.......     100%        3    ####...
 Portal Projectile        Hex/Tloc       #.....       100%        3    ####...
 Regeneration             Chrm/Necr      #.........   100%        3    ####...
 Spectral Weapon          Hex/Chrm       #.......     100%        3    ####...
 Static Discharge         Conj/Air       #.......     100%        3    ####...
 Stone Arrow              Conj/Erth      #.....       100%        3    ####...
 Airstrike                Air            #.........   100%        4    #####..
 Cause Fear               Hex            #.........   100%        4    #####..
 Force Lance              Conj/Tloc      #.......     100%        4    #####..
 Fulminant Prism          Conj/Hex       #.........   100%        4    #####..
 Ice Form                 Ice/Tmut       #.......     100%        4    #####..
 Iskenderun's Mystic Bla  Conj           #.......     100%        4    #####..
 Leda's Liquefaction      Hex/Erth       #.........   100%        4    #####..
 Petrify                  Tmut/Erth      #.......     100%        4    #####..
 Sticky Flame             Conj/Fire      #.......     100%        4    #####..
 Fireball                 Conj/Fire      #.........   100%        5    ######.
 Lee's Rapid Deconstruct  Erth           #.........   100%        5    ######.
 Lightning Bolt           Conj/Air       #.........   100%        5    ######.
 Metabolic Englaciation   Hex/Ice        #.........   100%        5    ######.
 Yara's Violent Unravell  Hex/Tmut       #.........   100%        5    ######.
 Bolt of Cold             Conj/Ice       #.........   100%        6    #######
 Freezing Cloud           Conj/Ice/Air   #.........   100%        6    #######
 Ozocubu's Refrigeration  Ice            #.........   100%        6    #######
 Simulacrum               Ice/Necr       #.........   100%        6    #######
 Ring of Flames           Chrm/Fire      #.........   100%        7    #######


Dungeon Overview and Level Annotations

Branches:
Dungeon (15/15)            Temple (1/1) D:4            Lair (6/6) D:11
 Shoals (4/4) Lair:2        Snake (4/4) Lair:2        Slime (0/5) Lair:5
    Orc (2/2) D:12            Elf (0/3) Orc:2        Vaults (0/5) D:14
 Depths (0/5) D:15          IceCv (visited)         Gauntlet (visited)

Altars:
Ashenzari
Cheibriados
Dithmenos
Elyvilon
Gozag
Hepliaklqana
Kikubaaqudgha
Makhleb
Okawaru
Qazlal
Ru
Sif Muna
Trog
Uskayaw
Vehumet
Wu Jian
Xom
Yredelemnul
Zin
The Shining One
Jiyva

Shops:
D:6 *   D:7 :[   Orc:2 }*(?

Portals:
Pandemonium: Orc:2
Trove: D:15 (give +2 storm dragon scales)

Annotations:
D:7 exclusion: ice statue
Lair:1 exclusion: 2 oklob plants
Snake:1 Roxanne


Innate Abilities, Weirdness & Mutations

Your spells are a little easier to cast, but a little less powerful.


Message History

You feel sick. You block the wind drake's attack.
The merfolk javelineer throws a javelin.
The javelin pierces through you but does no damage.
The javelin pierces through the wind drake!!
The javelin pierces through the merfolk!!
You hear a splash.
You block the alligator snapping turtle's attack.
You block the merfolk's attack. The merfolk hits you with a +0 trident!
* * * LOW HITPOINT WARNING * * *
Unknown command.
You block the wind drake's attack. You block the merfolk's attack.
The merfolk hits you but does no damage.
The merfolk javelineer throws a javelin.
The javelin pierces through you!!
* * * LOW HITPOINT WARNING * * *
The wind drake deflects the javelin!
The javelin pierces through the merfolk!!
You hear a splash.
The merfolk hits you from afar with a +0 trident!
You die...

≈≈≈≈≈≈(≈≈≈# ≈≈..# ≈≈≈≈
≈≈≈≈≈≈≈≈≈≈+ ≈|..#≈≈≈≈≈
≈≈≈≈≈≈≈†≈# ≈≈..#≈≈P≈≈≈
.≈≈≈≈≈≈≈≈##≈≈.##≈≈≈≈≈≈
##..(≈≈≈(.####P≈(≈≈≈.
##..≈≈≈≈≈≈≈(≈≈≈≈P≈≈P
#...≈≈≈≈§≈†≈P(≈≈≈≈.
#....####m≈[m≈≈≈≈≈≈
#.(.)≈≈≈.t@(m≈≈≈≈≈≈
##..(≈≈≈≈≈m.k..≈≈≈≈≈
#..[[≈≈φ≈≈#..m≈(≈≈PP
.m.....≈#≈≈≈≈≈#.≈≈≈PPP≈.
.......≈##≈≈≈##≈≈≈≈≈≈P≈≈
.........≈#####≈≈≈≈≈≈(≈≈≈
........≈≈≈ ≈≈≈≈P≈PP(≈≈
........≈≈≈ ≈≈≈≈≈≈≈≈≈≈≈
.......≈≈≈≈≈ ≈≈≈≈≈≈≈≈≈≈≈≈


You could see an alligator snapping turtle, a merfolk javelineer, a wind drake
and 4 merfolk.

Vanquished Creatures
  Vashnia (Snake:3)
  Rupert (Orc:2)
  Jorgrun (D:13)
  Frances (D:13)
  Kirke (Lair:4)
  Ilsuiw (Shoals:3)
  A fire giant (D:15)
  10 nagarajas
  2 orc warlords
  A minotaur (Gauntlet)
  2 ettins (Orc:2)
  2 merfolk javelineers
  4 merfolk impalers
  Josephine (Orc:2)
  The ghost of shugdite the Fencer, a journeyman MiMo of Okawaru (D:9)
  6 hydras
  17 naga warriors
  8 vault guards (D:14)
  Harold (Orc:1)
  A ghost crab (Gauntlet)
  A catoblepas (Lair:4)
  8 anacondas
  5 two-headed ogres
  2 merfolk avatars
  5 centaur warriors
  A dancing weapon (Orc:2)
  A death yak (D:11)
  2 tengu warriors (D:14)
  7 shock serpents
  6 merfolk aquamancers
  Urug (D:10)
  Nergalle (Lair:4)
  11 naga sharpshooters
  A soul eater (Orc:2)
  3 orc high priests
  8 skeletal warriors
  A sixfirhy (Gauntlet)
  A salamander mystic (Snake:4)
  An infernal demonspawn (Orc:2)
  14 sea snakes
  3 unseen horrors
  8 naga ritualists
  5 harpies (Shoals:1)
  A wizard (D:10)
  11 orc knights
  A necromancer (IceCv)
  8 orc sorcerers
  A deep elf mage (D:15)
  17 mana vipers
  7 fauns
  8 manticores
  A cyclops (Shoals:2)
  5 salamanders
  36 ugly things
  5 centaur zombies
  5 guardian serpents
  37 black mambas
  8 elephants
  2 ice statues (IceCv)
  A rust devil (Orc:2)
  Maurice (D:10)
  4 molten gargoyles (D:14)
  4 water nymphs
  12 naga magi
  3 merfolk sirens
  Psyche (D:8)
  21 spiny frogs
  2 gargoyles
  3 centaur skeletons
  2 kobold demonologists
  2 rime drakes (D:14)
  9 ice devils
  5 komodo dragons
  2 hellwings (Orc:2)
  11 merfolk
  A tengu conjurer (D:14)
  12 trolls
  3 wind drakes
  5 tyrant leeches (Lair:6)
  4 polar bears
  A raiju (Gauntlet)
  8 hippogriffs
  3 snapping turtles
  24 blink frogs
  11 dream sheep
  9 water elementals
  A wyvern (Lair:2)
  A spriggan (D:9)
  6 wraiths
  A ynoxinul (Orc:2)
  29 yaks
  2 steam dragons (Gauntlet)
  3 basilisks
  A chaos spawn (Orc:2)
  A hog (Lair:4)
  6 vampire mosquitoes (Lair:6)
  2 hungry ghosts
  6 wargs
  Edmund (D:4)
  An acid dragon (D:14)
  51 nagas
  9 water moccasins
  Duvessa (D:5)
  4 porcupines
  40 orc warriors
  3 phantoms
  9 ice beasts
  3 sky beasts
  A black bear (D:12)
  14 wolves
  A necrophage (D:11)
  14 ogres
  4 boggarts (D:14)
  12 crocodiles
  3 centaurs
  3 big kobolds
  36 bullfrogs
  2 gnoll sergeants
  4 scorpions
  Dowan (D:5)
  20 killer bees
  A wight (D:15)
  5 electric eels
  A howler monkey (D:5)
  8 crimson imps
  2 draconian simulacra (IceCv)
  4 jellies
  27 orc priests
  2 bullfrog skeletons
  8 hounds
  21 orc wizards
  3 iguanas
  A gnoll shaman (Orc:1)
  9 worker ants
  3 troll simulacra (IceCv)
  5 centaur simulacra
  A hound zombie (D:10)
  3 hound skeletons
  3 howler monkey skeletons
  12 gnolls
  A howler monkey zombie (D:8)
  2 ogre simulacra (IceCv)
  16 adders
  8 shadow imps
  A white imp (D:14)
  4 ufetubi
  2 worms
  A dart slug (D:3)
  2 leopard geckos
  107 orcs
  7 giant cockroaches
  6 hobgoblins
  19 jackals
  7 quokkas
  2 ball pythons
  4 bats (D:1)
  6 frilled lizards
  8 goblins
  15 kobolds
  10 rats
  A bush (Lair:5)
  7 fungi
  34 plants
1161 creatures vanquished.

Vanquished Creatures (collateral kills)
  Snorg (D:10)
  A merfolk impaler (Shoals:2)
  A merfolk aquamancer (Shoals:4)
  2 merfolk avatars
  An orc high priest (Orc:2)
  A torturous demonspawn (Orc:2)
  2 harpies (Shoals:1)
  2 orc sorcerers (Orc:2)
  3 fauns (Shoals:2)
  2 merfolk sirens (Shoals:2)
  A wind drake (Shoals:2)
  2 merfolk (Shoals:2)
  A snapping turtle (Shoals:2)
  A hippogriff (Shoals:2)
  A naga (Snake:4)
  2 wights (D:15)
  A centaur skeleton (D:10)
  2 plants (Shoals:2)
27 creatures vanquished.

Vanquished Creatures (others)
  A merfolk aquamancer (Shoals:4)
  A centaur warrior (D:14)
  A satyr (Shoals:1)
  6 naga sharpshooters
  4 fauns
  A manticore (Shoals:4)
  A merfolk (Shoals:4)
  An orc warrior (Orc:2)
  2 humans
  3 centaurs
  3 orcs
  4 fungi
  44 plants
72 creatures vanquished.

Grand Total: 1260 creatures vanquished

Notes
Turn   | Place    | Note
-------+----------+-------------------------------------------
     0 | D:1      | platypus75 the Hill Orc Fighter began the quest for the
                  | Orb.
     0 | D:1      | Reached XP level 1. HP: 19/19 MP: 1/1
   114 | D:1      | Reached skill level 3 in Axes
   114 | D:1      | Reached XP level 2. HP: 20/27 MP: 2/2
   560 | D:1      | Reached XP level 3. HP: 30/33 MP: 3/3
  1140 | D:2      | Reached XP level 4. HP: 40/40 MP: 4/4
  2423 | D:3      | Found an ancient bone altar of Kikubaaqudgha.
  2426 | D:3      | Noticed a human
  2427 | D:3      | Killed a human
  2706 | D:4      | Reached skill level 4 in Axes
  2706 | D:4      | Reached XP level 5. HP: 46/46 MP: 5/5
  3089 | D:4      | Found a glowing silver altar of Zin.
  3122 | D:4      | Noticed Edmund
  3130 | D:4      | Killed Edmund
  3130 | D:4      | Reached skill level 5 in Fighting
  3130 | D:4      | Reached skill level 5 in Axes
  3130 | D:4      | Reached XP level 6. HP: 56/56 MP: 6/6
  3132 | D:4      | Found a staircase to the Ecumenical Temple.
  3196 | Temple   | Entered the Ecumenical Temple
  3216 | Temple   | Became a worshipper of Makhleb the Destroyer
  3864 | D:5      | Entered Level 5 of the Dungeon
  3920 | D:5      | Reached XP level 7. HP: 36/62 MP: 7/7
  3929 | D:5      | Reached skill level 6 in Axes
  3943 | D:5      | Reached skill level 5 in Shields
  4113 | D:5      | Found an opulent altar of Gozag.
  4330 | D:5      | Reached * piety under Makhleb
  4330 | D:5      | Reached skill level 5 in Armour
  4807 | D:5      | Found a sacrificial altar of Ru.
  4811 | D:5      | Noticed Duvessa
  4811 | D:5      | Noticed Dowan
  4852 | D:5      | Killed Dowan
  4852 | D:5      | Reached skill level 7 in Axes
  4852 | D:5      | Reached XP level 8. HP: 71/71 MP: 8/8
  4862 | D:5      | Killed Duvessa
  5119 | D:6      | Reached skill level 8 in Axes
  5578 | D:6      | Reached XP level 9. HP: 75/81 MP: 9/9
  5593 | D:6      | Found Zeuduo's Lightly-Used Armoury.
  5842 | D:6      | Reached skill level 9 in Axes
  6310 | D:7      | Found Igounis's Book Shoppe.
  6414 | D:7      | Noticed an ice statue
  6438 | D:7      | Found a sacrificial altar of Ru.
  6438 | D:7      | Found a shimmering altar of Xom.
  6693 | D:7      | Found Lucatol's Armour Boutique.
  6726 | D:7      | Reached skill level 10 in Axes
  6850 | D:7      | Reached ** piety under Makhleb
  7119 | D:8      | Noticed Psyche
  7128 | D:8      | Paralysed by Psyche for 5 turns
  7134 | D:8      | Paralysed by Psyche for 3 turns
  7152 | D:8      | Killed Psyche
  7152 | D:8      | Reached skill level 10 in Fighting
  7152 | D:8      | Reached XP level 10. HP: 72/93 MP: 10/10
  7346 | D:8      | Found a hazy altar of Hepliaklqana.
  7400 | D:8      | Reached skill level 11 in Axes
  8022 | D:9      | Reached *** piety under Makhleb
  8930 | D:9      | Noticed a two-headed ogre
  8940 | D:9      | Killed a two-headed ogre
  8940 | D:9      | Reached skill level 12 in Axes
  9152 | D:9      | Found a large runed translucent door.
  9152 | D:9      | Found a large runed translucent door.
  9153 | D:9      | Noticed shugdite's ghost (journeyman MiMo)
  9324 | D:9      | Killed shugdite's ghost
  9324 | D:9      | Reached XP level 11. HP: 101/104 MP: 9/11
  9639 | D:10     | Entered Level 10 of the Dungeon
  9639 | D:10     | Noticed a wizard
  9674 | D:10     | Noticed Snorg
  9677 | D:10     | Killed a wizard
  9908 | D:10     | Noticed Urug
  9943 | D:10     | Killed Urug
  9980 | D:10     | Noticed a skeletal warrior
  9980 | D:10     | Noticed a skeletal warrior
 10006 | D:10     | Noticed a skeletal warrior
 10031 | D:10     | Killed a skeletal warrior
 10031 | D:10     | Reached skill level 13 in Axes
 10435 | D:10     | Noticed Maurice
 10495 | D:10     | Killed Maurice
 10495 | D:10     | Reached skill level 1 in Invocations
 10554 | D:10     | Noticed a two-headed ogre
 10559 | D:10     | Killed a two-headed ogre
 10663 | D:10     | Killed Snorg
 10788 | D:10     | Killed a skeletal warrior
 10795 | D:10     | Killed a skeletal warrior
 11516 | D:11     | Reached XP level 12. HP: 89/113 MP: 14/14
 11628 | D:11     | Reached **** piety under Makhleb
 11639 | D:11     | Reached skill level 14 in Axes
 11718 | D:11     | Noticed a two-headed ogre
 11729 | D:11     | Killed a two-headed ogre
 11738 | D:11     | Noticed a death yak
 11774 | D:11     | Killed a death yak
 11841 | D:11     | Found a staircase to the Lair.
 12229 | Lair:1   | Entered Level 1 of the Lair of Beasts
 12352 | Lair:1   | Reached skill level 5 in Invocations
 13166 | Lair:2   | Reached ***** piety under Makhleb
 13166 | Lair:2   | Reached skill level 10 in Shields
 13173 | Lair:2   | Reached skill level 15 in Axes
 13194 | Lair:2   | Reached skill level 10 in Armour
 13319 | Lair:2   | Found a staircase to the Shoals.
 13423 | Lair:2   | Reached XP level 13. HP: 124/124 MP: 17/17
 13541 | Lair:2   | Found a gate leading to a gauntlet.
 13555 | Gauntlet | Entered a Gauntlet
 13555 | Gauntlet | Found a transporter.
 13555 | Gauntlet | Found a transporter.
 13555 | Gauntlet | Found a transporter.
 13579 | Gauntlet | Found a transporter.
 13662 | Gauntlet | Found a transporter.
 13678 | Gauntlet | Found a transporter.
 13680 | Gauntlet | Found a runed translucent door.
 13701 | Gauntlet | Found a transporter.
 13803 | Gauntlet | Found a transporter.
 13977 | Gauntlet | Identified the +4 falchion of Meplafiwk {pain, rPois rF+}
 13977 | Gauntlet | Identified the +6 hunting sling "Coydedd" {flame, rC+
                  | Str+3}
 13977 | Gauntlet | Noticed a minotaur
 13990 | Gauntlet | Killed a minotaur
 14007 | Lair:2   | Found a staircase to the Snake Pit.
 14896 | Lair:3   | You fall into a shaft and drop 2 floors!
 14934 | Lair:5   | Reached skill level 1 in Evocations
 15091 | Lair:4   | Noticed Nergalle
 15111 | Lair:4   | Killed Nergalle
 16119 | Lair:4   | Noticed Kirke
 16133 | Lair:4   | Killed Kirke
 16133 | Lair:4   | Reached skill level 16 in Axes
 16775 | Lair:5   | Reached skill level 15 in Fighting
 16981 | Lair:5   | Found a staircase to the Slime Pits.
 16982 | Lair:5   | Found a viscous altar of Jiyva.
 17753 | Lair:6   | Entered Level 6 of the Lair of Beasts
 17805 | Lair:6   | Reached XP level 14. HP: 121/135 MP: 19/19
 18226 | Lair:6   | Reached ****** piety under Makhleb
 18328 | Lair:6   | Reached skill level 5 in Evocations
 19624 | D:12     | Reached skill level 17 in Axes
 20089 | D:12     | Found a staircase to the Orcish Mines.
 20223 | Orc:1    | Entered Level 1 of the Orcish Mines
 20223 | Orc:1    | Noticed an orc warlord
 20310 | Orc:1    | Killed an orc warlord
 21010 | Orc:1    | Noticed Harold
 21026 | Orc:1    | Killed Harold
 21026 | Orc:1    | Reached XP level 15. HP: 144/144 MP: 21/21
 21091 | Orc:2    | Entered Level 2 of the Orcish Mines
 21364 | Orc:2    | Found Wogo's General Store.
 21378 | Orc:2    | Found Houzithice's Magic Scroll Emporium.
 21639 | Orc:2    | Noticed Josephine
 21657 | Orc:2    | Killed Josephine
 21911 | Orc:2    | Reached skill level 10 in Invocations
 21912 | Orc:2    | Gained mutation: Your spells are a little easier to cast,
                  | but a little less powerful. [a neqoxec]
 21953 | Orc:2    | Found Evvuben's Antique Weapon Boutique.
 21953 | Orc:2    | Found Samaet's Gadget Shop.
 21953 | Orc:2    | Found a one-way gate leading to the halls of Pandemonium.
 22035 | Orc:2    | Bought 2 scrolls of identify for 60 gold pieces
 22036 | Orc:2    | Reached skill level 18 in Axes
 22036 | Orc:2    | Reached XP level 16. HP: 129/154 MP: 23/23
 22049 | Orc:2    | Bought a scroll of summoning for 114 gold pieces
 22049 | Orc:2    | Bought a scroll of identify for 24 gold pieces
 22049 | Orc:2    | Bought a scroll of acquirement for 624 gold pieces
 22345 | Orc:2    | Noticed Rupert
 22361 | Orc:2    | Killed Rupert
 22574 | Orc:2    | Found a staircase to the Elven Halls.
 23001 | D:7      | Bought the +0 plate armour of the Lumpy Realms {Int+3
                  | Slay+4} for 690 gold pieces
 23292 | D:13     | Noticed Jorgrun
 23366 | D:13     | Killed Jorgrun
 23545 | D:13     | Noticed Frances
 23554 | D:13     | Killed Frances
 23885 | D:14     | Reached XP level 17. HP: 131/161 MP: 25/25
 23982 | D:14     | Found a gate to the Vaults.
 24388 | D:14     | Found a frozen archway.
 24508 | IceCv    | Entered an ice cave
 24949 | IceCv    | Found the +8 arc blade {discharge, rElec}
 24963 | IceCv    | Got a faintly glowing chain mail
 24965 | IceCv    | Got a pair of bloodstained boots
 24973 | IceCv    | Identified the cursed +1 chain mail "Xajoqem" {*Contam
                  | rElec rF+ rC+} (You found it in an ice cave)
 24977 | IceCv    | Identified the +1 pair of boots "Zubbabomoch" {rF+ Int+3}
                  | (You found it in an ice cave)
 25080 | IceCv    | Reached skill level 19 in Axes
 25464 | D:14     | Got a scintillating golden ring
 25465 | D:14     | Identified the ring "Fommys" {rF+ Str+2 Stlth+} (You found
                  | it on level 14 of the Dungeon)
 25550 | D:14     | Reached skill level 10 in Evocations
 25809 | D:15     | Entered Level 15 of the Dungeon
 25893 | D:15     | Found a staircase to the Depths.
 26408 | D:15     | Found a portal to a secret trove of treasure.
 26685 | D:6      | Bought -3 gold dragon scales for 715 gold pieces
 26837 | Snake:1  | Entered Level 1 of the Snake Pit
 26856 | Snake:1  | Reached skill level 1 in Short Blades
 26895 | Snake:1  | Noticed Roxanne
 27443 | Snake:1  | Reached XP level 18. HP: 172/172 MP: 26/26
 27457 | Snake:1  | Reached skill level 5 in Short Blades
 28228 | Snake:3  | Noticed Vashnia
 28313 | Snake:3  | Killed Vashnia
 28372 | Snake:3  | Reached skill level 10 in Short Blades
 28846 | Snake:4  | Entered Level 4 of the Snake Pit
 29320 | Snake:4  | Found a shadowy altar of Dithmenos.
 29944 | Snake:4  | Reached XP level 19. HP: 179/179 MP: 27/27
 30009 | Snake:4  | Found a stormy altar of Qazlal.
 30096 | Snake:4  | Found an iron altar of Okawaru.
 30558 | Snake:4  | Got a serpentine rune of Zot
 30811 | Shoals:1 | Entered Level 1 of the Shoals
 30815 | Shoals:1 | Reached skill level 15 in Short Blades
 31787 | Orc:2    | Bought an uncursed ring of protection from magic for 375
                  | gold pieces
 32050 | Orc:2    | Bought a scroll of silence for 90 gold pieces
 33216 | Shoals:3 | Noticed Ilsuiw
 33245 | Shoals:3 | Killed Ilsuiw
 33765 | Shoals:4 | Entered Level 4 of the Shoals
 34049 | Shoals:4 | Reached XP level 20. HP: 181/189 MP: 29/29
 34168 | Shoals:4 | HP: 3/189 [merfolk javelineer/javelin (21)]
 34168 | Shoals:4 | Mangled by a merfolk

Levels and vault maps discovered:
D:1:      elethiomel_arrival_maze, layout_basic, st_stairs_13, minmay_tripent
D:2:      minmay_skewed_foursquare, layout_loops_corners, first_ration
D:3:      layout_loops_ring, tgw_kikubaaqudgha
D:4:      layout_basic, kennysheep_mini, minmay_temple_entry_crystal_x,
          hex_intersection, uniq_edmund
D:5:      layout_basic, kennysheep_little_box, basic_altar, grunt_ministairs_15,
          kennysheep_opposing_triangles, uniq_duvessa
D:6:      layout_basic, minmay_shop_damaged
D:7:      lemuel_ice_statue, layout_basic, gammafunk_temple_overflow_statue,
          serial_shops, kennysheep_mini_moat, shop
D:8:      minmay_bloctagon_deflated, layout_loops_corners, old_standard_altar,
          nicolae_overflow_hidden_temple, uniq_psyche
D:9:      layout_layer_cave, ebering_ghost_disaster_area, the_bakery,
          abandoned_shop
D:10:     layout_layer_cave, enter_bailey_2, uniq_urug, uniq_maurice, uniq_snorg
D:11:     layout_rooms, david_lair_generic
D:12:     layout_roguey, david_orc_4, hex_intersection
D:13:     layout_rooms, kennysheep_boxes, uniq_jorgrun, uniq_frances
D:14:     cheibrodos_statue_roulette, layout_basic, erik_vaults_2, serial_ice,
          serial_ice_o, serial_ice_h, serial_ice_f, serial_ice_e,
          portal_ice_cave_rime, minmay_misc_feat_hallway
D:15:     grunt_enter_depths_giant_problem, layout_loops_ring,
          nicolae_trove_entry_free_sample, minmay_strange_pillars,
          minmay_variable_closet
Temple:   eino_wide_crystal_templ
Lair:1:   layout_regular_city, minmay_holes, grunt_megastairs_2,
          minmay_lair_oklob_chamber
Lair:2:   layout_gridlike, elwin_shoals_entry_rocks,
          guppyfry_snake_entry_island, gauntlet_entry_generic, st_stairs_7,
          beast_lair_carwin_6, infiniplex_staircase_pool_2, serial_bayou_shore_b
Lair:3:   layout_gridlike, eino_small_chamber_without_monster
Lair:4:   layout_cave_pods, uniq_nergalle, uniq_kirke
Lair:5:   layout_layer_cave, slime_altar_1, beast_lair_carwin_8,
          lemuel_fruit_tree, infiniplex_staircase_pool
Lair:6:   minmay_lair_end_frog_pond, layout_long_grid
Shoals:1: layout_shoals
Shoals:2: layout_shoals
Shoals:3: layout_shoals, nicolae_shoals_dead_sea_scrolls, uniq_ilsuiw
Shoals:4: shoals_end_simple, layout_shoals, shoals_ilsuiw_alternative,
          uniq_louise
Snake:1:  layout_concentric_octagons, st_stairs_11, drop_trap,
          nicolae_snake_linked_coils, uniq_roxanne
Snake:2:  layout_onion_interference
Snake:3:  layout_cave_shapes, serial_bayou_pond_e, serial_bayou_shore_b,
          serial_bayou_shore_a, uniq_vashnia
Snake:4:  grunt_snake_rune_pools, layout_gridlike, serial_shops, shop,
          basic_altar, hangedman_feature_mirror, serial_bayou_pond_b,
          nicolae_snake_double_loop, nrook_loot_triangle
Orc:1:    layout_diamond_mine, nicolae_orc_sculptors_studio, uniq_harold
Orc:2:    pf_orc_diabolical, layout_caves, sword_in_stone, uniq_rupert,
          uniq_josephine

Skill      XL: |  1  2  3  4  5  6  7  8  9 10 11 12 13 14 15 16 17 18 19 20 |
---------------+-------------------------------------------------------------+-----
Axes           | 3 4 5 7 8 10 12 13 15 16 17 18 19 | 19.0
Shields        | 4 5 6 7 8 9 10 11 12 13 14 | 14.0
Fighting       | 4 5 6 8 10 11 12 14 15 16 17 18 | 18.5
Armour         | 4 5 6 7 8 9 10 11 12 13 | 13.1
Invocations    | 3 6 7 9 10 11 12 | 12.2
Evocations     | 3 6 8 9 10 | 10.6
Short Blades   | 4 12 15 | 15.6
Dodging        | |  0.7

Action                   |  1- 3 |  4- 6 |  7- 9 | 10-12 | 13-15 | 16-18 | 19-21 || total
-------------------------+-------+-------+-------+-------+-------+-------+-------++-------
Melee: War axe           |   139 |   157 |   445 |   821 |  1310 |   864 |   342 ||  4078
       Unarmed           |       |       |       |     3 |       |       |       ||     3
       Rapier            |       |       |       |       |       |   260 |   243 ||   503
Invok: Lesser Servant of |       |       |       |     2 |     2 |     1 |     7 ||    12
       Major Destruction |       |       |       |       |     1 |       |    10 ||    11
       Greater Servant o |       |       |       |       |     1 |       |     3 ||     4
Evoke: Wand              |       |       |       |     3 |     1 |       |     7 ||    11
       Phial of floods   |       |       |       |       |       |     1 |       ||     1
  Use: Scroll            |       |     8 |    12 |    10 |    18 |    13 |    10 ||    71
       Potion            |       |     7 |     3 |     6 |     3 |     4 |     1 ||    24
 Stab: Distracted        |       |       |       |     1 |     1 |       |       ||     2
  Eat: Chunk             |     1 |       |     2 |     5 |     1 |     1 |       ||    10
       Ration            |       |     3 |     3 |     5 |     9 |     7 |     5 ||    32
Armor: Scale mail        |    90 |    28 |       |       |       |       |       ||   118
       Chain mail        |       |     7 |   107 |       |       |       |       ||   114
       Plate armour      |       |       |    86 |   187 |   259 |   148 |       ||   680
       Gold dragon scale |       |       |       |       |       |   165 |   228 ||   393
Dodge: Dodged            |    51 |    40 |    96 |    98 |   140 |   129 |    91 ||   645
Block: Shield            |    89 |     4 |       |       |       |       |       ||    93
       Large shield      |       |   126 |   461 |   821 |  1145 |  1127 |   800 ||  4480
       Reflection        |       |     1 |    11 |     7 |    17 |   134 |   126 ||   296
